TOP OF THE 1ST |
Vista Panthers batting - Pitching for St. Louis Browns : LHP Luis Noriega
|
Pitching: LHP Luis Noriega
|
|
Batting: RHB John Mendelson
|
0-0: Ball 1-0: Ground out 6-3 (Groundball, 6)
|
Batting: RHB Roberto Cruz
|
0-0: Ball 1-0: Foul Ball, location: 2F 1-1: SOLO HOME RUN (Flyball, 7D), Distance : 360 ft
|
Batting: LHB Bob Cunningham
|
0-0: Swinging Strike 0-1: Ball 1-1: Ball 2-1: Ground out 1-3 (Groundball, 15)
|
Batting: RHB Cisco Gatán
|
0-0: Called Strike 0-1: Ball 1-1: Ball 2-1: Called Strike 2-2: Foul Ball, location: 2F 2-2: Ground out 5-3 (Groundball, 56S)
|
Top of the 1st over - 1 run(s), 1 hit(s), 0 error(s), 0 left on base; Vista 1 - St. Louis 0 |
BOTTOM OF THE 1ST |
St. Louis Browns batting - Pitching for Vista Panthers : LHP Thomas Heath
|
Pitching: LHP Thomas Heath
|
|
Batting: RHB José Flores
|
0-0: Called Strike 0-1: Ball 1-1: SINGLE (Groundball, 6D)
|
Batting: SHB Ryobe Yamamoto
|
0-0: Ball 1-0: Called Strike 1-1: Ball 2-1: Foul Ball, location: 2F 2-2: Ground out 3-1 (Groundball, 34S) José Flores to second
|
Batting: RHB Mario Rosales
|
0-0: Ball 1-0: SINGLE (Flyball, 89S) José Flores to third Runner from 3rd tries for Home, throw and OUT! Mario Rosales to second
|
Batting: RHB António Venecia
|
0-0: Called Strike 0-1: Ball 1-1: Ball 2-1: Foul Ball, location: 2F 2-2: Fly out, F8 (Flyball, 8LM)
|
Bottom of the 1st over - 0 run(s), 2 hit(s), 0 error(s), 1 left on base; Vista 1 - St. Louis 0 |
TOP OF THE 2ND |
Vista Panthers batting - Pitching for St. Louis Browns : LHP Luis Noriega
|
Batting: LHB Donovan Bird
|
0-0: Ball 1-0: Swinging Strike 1-1: Called Strike 1-2: SOLO HOME RUN (Flyball, 89XD), Distance : 398 ft
|
Batting: RHB Griswold Coleman
|
0-0: Ball 1-0: Called Strike 1-1: Ball 2-1: Ball 3-1: Base on Balls
|
Batting: RHB Salvador Salas
|
0-0: Swinging Strike 0-1: Foul Ball, location: 2F 0-2: Ball 1-2: Fly out, F8 (Flyball, 8RD)
|
Batting: RHB Phil Matthews
|
0-0: SINGLE (Line Drive, 6D) Griswold Coleman to second
|
Batting: RHB Justin Burgess
|
0-0: Ball 1-0: Foul Ball, location: 2F 1-1: Ball 2-1: Ball 3-1: Base on Balls Griswold Coleman to third Phil Matthews to second
|
Batting: RHB John Mendelson
|
0-0: Called Strike 0-1: Fielders Choice at 2nd, 3-6 (Groundball, 34) Griswold Coleman scores Phil Matthews to third
|
Batting: RHB Roberto Cruz
|
0-0: Ball 1-0: Foul Ball, location: 2F 1-1: Called Strike 1-2: Strikes out swinging
|
Top of the 2nd over - 2 run(s), 2 hit(s), 0 error(s), 2 left on base; Vista 3 - St. Louis 0 |
BOTTOM OF THE 2ND |
St. Louis Browns batting - Pitching for Vista Panthers : LHP Thomas Heath
|
Batting: LHB Stan Hickman
|
0-0: Ground out 3-1 (Groundball, 34)
|
Batting: LHB Robin Hill
|
0-0: Ball 1-0: Ground out 1-3 (Groundball, P)
|
Batting: RHB Adrian Prouse
|
0-0: Called Strike 0-1: Foul Ball, location: 2F 0-2: Ball 1-2: Fly out, F3 (Flyball, 34D)
|
Bottom of the 2nd over - 0 run(s), 0 hit(s), 0 error(s), 0 left on base; Vista 3 - St. Louis 0 |
TOP OF THE 3RD |
Vista Panthers batting - Pitching for St. Louis Browns : LHP Luis Noriega
|
Batting: LHB Bob Cunningham
|
0-0: Swinging Strike 0-1: Ball 1-1: SOLO HOME RUN (Flyball, 9LD), Distance : 341 ft
|
Batting: RHB Cisco Gatán
|
0-0: Ball 1-0: Ball 2-0: Swinging Strike 2-1: Ball 3-1: Base on Balls
|
Batting: LHB Donovan Bird
|
0-0: Fly out, F9 (Flyball, 89S)
|
Batting: RHB Griswold Coleman
|
0-0: Ball 1-0: Grounds into double play, 6-4-3 (Groundball, 6)
|
Top of the 3rd over - 1 run(s), 1 hit(s), 0 error(s), 0 left on base; Vista 4 - St. Louis 0 |
BOTTOM OF THE 3RD |
St. Louis Browns batting - Pitching for Vista Panthers : LHP Thomas Heath
|
Batting: RHB Anthony Rucker
|
0-0: Foul Ball, location: 2F 0-1: Ball 1-1: Ball 2-1: Called Strike 2-2: Fly out, F7 (Flyball, 7LM)
|
Batting: LHB Tommy Evans
|
0-0: Called Strike 0-1: Swinging Strike 0-2: Strikes out looking
|
Batting: RHB José Flores
|
0-0: Ball 1-0: SINGLE (Groundball, 56D)
|
Batting: SHB Ryobe Yamamoto
|
0-0: Called Strike 0-1: Foul Ball, location: 2F 0-2: Ball José Flores steals 2nd base 1-2: Ground out 4-3 (Groundball, 4S)
|
Bottom of the 3rd over - 0 run(s), 1 hit(s), 0 error(s), 1 left on base; Vista 4 - St. Louis 0 |
TOP OF THE 4TH |
Vista Panthers batting - Pitching for St. Louis Browns : LHP Luis Noriega
|
Batting: RHB Salvador Salas
|
0-0: Ground out 6-3 (Groundball, 6)
|
Batting: RHB Phil Matthews
|
0-0: Ground out 6-3 (Groundball, 6)
|
Batting: RHB Justin Burgess
|
0-0: Swinging Strike 0-1: Ball 1-1: Swinging Strike 1-2: Foul Ball, location: 2F 1-2: Ball 2-2: Foul Ball, location: 2F 2-2: Foul Ball, location: 2F 2-2: Strikes out swinging
|
Top of the 4th over - 0 run(s), 0 hit(s), 0 error(s), 0 left on base; Vista 4 - St. Louis 0 |
BOTTOM OF THE 4TH |
St. Louis Browns batting - Pitching for Vista Panthers : LHP Thomas Heath
|
Batting: RHB Mario Rosales
|
0-0: Ball 1-0: Foul Ball, location: 2F 1-1: Ball 2-1: Ball 3-1: Foul Ball, location: 2F 3-2: Base on Balls
|
Batting: RHB António Venecia
|
0-0: Foul Ball, location: 2F 0-1: Called Strike 0-2: Grounds into double play, 5-4-3 (Groundball, 56)
|
Batting: LHB Stan Hickman
|
0-0: Ball 1-0: Called Strike 1-1: Called Strike 1-2: Strikes out swinging
|
Bottom of the 4th over - 0 run(s), 0 hit(s), 0 error(s), 0 left on base; Vista 4 - St. Louis 0 |
TOP OF THE 5TH |
Vista Panthers batting - Pitching for St. Louis Browns : LHP Luis Noriega
|
Batting: RHB John Mendelson
|
0-0: Ball 1-0: DOUBLE (Flyball, 9D)
|
Batting: RHB Roberto Cruz
|
0-0: Intentional Walk
|
Batting: LHB Bob Cunningham
|
0-0: Ball 1-0: Foul Ball, location: 2F 1-1: Ball 2-1: Ball 3-1: SINGLE (Groundball, 6D) John Mendelson to third Roberto Cruz to second
|
Batting: RHB Cisco Gatán
|
0-0: Swinging Strike 0-1: Foul Ball, location: 2F 0-2: Foul Ball, location: 2F 0-2: Ball 1-2: Foul Ball, location: 2F 1-2: Fly out, F8 (Flyball, 8LM) Runner from 3rd tags up, OUT at HOME Roberto Cruz to third Bob Cunningham to second
|
Batting: LHB Donovan Bird
|
0-0: Called Strike 0-1: Ball 1-1: SINGLE (Flyball, 8RS) Roberto Cruz scores Bob Cunningham to third Runner from 3rd tries for Home, SAFE, no throw
|
Pitching: RHP Kitahachi Okada
|
|
Batting: RHB Griswold Coleman
|
0-0: Ball 1-0: Swinging Strike 1-1: Ball 2-1: DOUBLE (Groundball, 5L) Donovan Bird to third
|
Batting: RHB Salvador Salas
|
0-0: TRIPLE (Flyball, 89XD) Donovan Bird scores Griswold Coleman scores
|
Batting: RHB Phil Matthews
|
0-0: Ball 1-0: Swinging Strike 1-1: Foul Ball, location: 2F 1-2: Ball 2-2: Ball 3-2: SINGLE (Flyball, 7S) Salvador Salas scores
|
Pitching: RHP John Allan
|
|
Batting: RHB Justin Burgess
|
0-0: Ball 1-0: Ball 2-0: Foul Ball, location: 2F 2-1: Called Strike 2-2: Strikes out looking
|
Top of the 5th over - 5 run(s), 6 hit(s), 0 error(s), 1 left on base; Vista 9 - St. Louis 0 |
BOTTOM OF THE 5TH |
St. Louis Browns batting - Pitching for Vista Panthers : LHP Thomas Heath
|
Batting: LHB Robin Hill
|
0-0: Fly out, F8 (Flyball, 8LM)
|
Batting: RHB Adrian Prouse
|
0-0: DOUBLE (Line Drive, 7LM)
|
Batting: RHB Anthony Rucker
|
0-0: Swinging Strike 0-1: Ball 1-1: Foul Ball, location: 2F 1-2: SINGLE (Groundball, 34D) Adrian Prouse to third Runner from 3rd tries for Home, SAFE, no throw
|
Batting: LHB Tommy Evans
|
0-0: Called Strike Anthony Rucker steals 2nd base 0-1: Called Strike 0-2: Strikes out swinging
|
Batting: RHB José Flores
|
0-0: Fly out, F8 (Flyball, 8LD)
|
Bottom of the 5th over - 1 run(s), 2 hit(s), 0 error(s), 1 left on base; Vista 9 - St. Louis 1 |
TOP OF THE 6TH |
Vista Panthers batting - Pitching for St. Louis Browns : RHP John Allan
|
Batting: RHB John Mendelson
|
0-0: Called Strike 0-1: Swinging Strike 0-2: Ball 1-2: Ball 2-2: Fly out, F9 (Flyball, 9D)
|
Batting: RHB Roberto Cruz
|
0-0: Ball 1-0: Called Strike 1-1: Ball 2-1: Swinging Strike 2-2: Strikes out swinging
|
Batting: LHB Bob Cunningham
|
0-0: Called Strike 0-1: Ball 1-1: Foul Ball, location: 2F 1-2: Foul Ball, location: 2F 1-2: Ground out 6-3 (Groundball, 6D)
|
Top of the 6th over - 0 run(s), 0 hit(s), 0 error(s), 0 left on base; Vista 9 - St. Louis 1 |
BOTTOM OF THE 6TH |
St. Louis Browns batting - Pitching for Vista Panthers : LHP Thomas Heath
|
Batting: SHB Ryobe Yamamoto
|
0-0: Swinging Strike 0-1: Ball 1-1: Ball 2-1: Foul Ball, location: 2F 2-2: Ball 3-2: Base on Balls
|
Batting: RHB Mario Rosales
|
0-0: Called Strike 0-1: SINGLE (Line Drive, 7S) Ryobe Yamamoto to second
|
Batting: RHB António Venecia
|
0-0: Ball 1-0: Foul Ball, location: 2F 1-1: Ball 2-1: Swinging Strike 2-2: Foul Ball, location: 2F 2-2: Fly out, F9 (Flyball, 9S)
|
Batting: LHB Stan Hickman
|
0-0: Ball 1-0: Called Strike 1-1: Ball 2-1: Called Strike 2-2: Strikes out swinging
|
Batting: LHB Robin Hill
|
0-0: Fly out, F8 (Flyball, 8LD)
|
Bottom of the 6th over - 0 run(s), 1 hit(s), 0 error(s), 2 left on base; Vista 9 - St. Louis 1 |
TOP OF THE 7TH |
Vista Panthers batting - Pitching for St. Louis Browns : RHP John Allan
|
Batting: RHB Cisco Gatán
|
0-0: Called Strike 0-1: Ball 1-1: Swinging Strike 1-2: Ball 2-2: Foul Ball, location: 2F 2-2: Strikes out swinging
|
Batting: LHB Donovan Bird
|
0-0: Ball 1-0: Ball 2-0: Ball 3-0: Base on Balls
|
Batting: RHB Griswold Coleman
|
0-0: Ball 1-0: Grounds into double play, 4-6-3 (Groundball, 4)
|
Top of the 7th over - 0 run(s), 0 hit(s), 0 error(s), 0 left on base; Vista 9 - St. Louis 1 |
BOTTOM OF THE 7TH |
St. Louis Browns batting - Pitching for Vista Panthers : LHP Thomas Heath
|
Batting: RHB Adrian Prouse
|
0-0: Ball 1-0: Called Strike 1-1: Foul Ball, location: 2F 1-2: Strikes out swinging
|
Batting: RHB Anthony Rucker
|
0-0: Ball 1-0: Ball 2-0: Called Strike 2-1: Foul Ball, location: 2F 2-2: Ground out 2-3 (Groundball, 2L)
|
Batting: LHB Tommy Evans
|
0-0: Ground out 4-3 (Groundball, 4)
|
Bottom of the 7th over - 0 run(s), 0 hit(s), 0 error(s), 0 left on base; Vista 9 - St. Louis 1 |
TOP OF THE 8TH |
Vista Panthers batting - Pitching for St. Louis Browns : RHP John Allan
|
Batting: RHB Salvador Salas
|
0-0: Ball 1-0: Foul Ball, location: 2F 1-1: Called Strike 1-2: SINGLE (Groundball, 34D)
|
Batting: RHB Phil Matthews
|
0-0: Foul Ball, location: 2F 0-1: DOUBLE (Line Drive, 7LM) Salvador Salas to third
|
Pitching: LHP Santiago Valentín
|
|
Batting: RHB Justin Burgess
|
0-0: Ball 1-0: Called Strike 1-1: SINGLE (Flyball, 89S) Salvador Salas scores Phil Matthews to third Runner from 3rd tries for Home, SAFE, throw made home Justin Burgess to second
|
Batting: RHB John Mendelson
|
0-0: Ball 1-0: Called Strike 1-1: Called Strike 1-2: Ball 2-2: Foul Ball, location: 2F 2-2: Ball 3-2: Foul Ball, location: 2F 3-2: Strikes out swinging
|
Batting: RHB Roberto Cruz
|
0-0: Called Strike 0-1: Ball 1-1: Fly out, F7 (Line Drive, 7D) Runner from 2nd tags up, SAFE at 3rd, no throw
|
Batting: LHB Bob Cunningham
|
0-0: Ball 1-0: Ball 2-0: Ball 3-0: Called Strike 3-1: Foul Ball, location: 2F 3-2: Strikes out swinging
|
Top of the 8th over - 2 run(s), 3 hit(s), 0 error(s), 1 left on base; Vista 11 - St. Louis 1 |
BOTTOM OF THE 8TH |
St. Louis Browns batting - Pitching for Vista Panthers : LHP Thomas Heath
|
Batting: RHB José Flores
|
0-0: Foul Ball, location: 2F 0-1: Ball 1-1: Foul Ball, location: 2F 1-2: Ball 2-2: Fly out, F4 (Popup, 4)
|
Batting: SHB Ryobe Yamamoto
|
0-0: Ground out U3 (Groundball, 3S)
|
Batting: RHB Mario Rosales
|
0-0: Fly out, F9 (Flyball, 9S)
|
Bottom of the 8th over - 0 run(s), 0 hit(s), 0 error(s), 0 left on base; Vista 11 - St. Louis 1 |
TOP OF THE 9TH |
Vista Panthers batting - Pitching for St. Louis Browns : LHP Santiago Valentín
|
Pinch Hitting: SHB Mark Wells
|
0-0: Called Strike 0-1: Ball 1-1: Ball 2-1: Ball 3-1: Called Strike 3-2: Fly out, F4 (Line Drive, 4)
|
Batting: LHB Donovan Bird
|
0-0: Called Strike 0-1: Ball 1-1: Foul Ball, location: 2F 1-2: Ball 2-2: Strikes out swinging
|
Batting: RHB Griswold Coleman
|
0-0: Swinging Strike 0-1: Ball 1-1: Foul Ball, location: 2F 1-2: DOUBLE (Flyball, 89XD)
|
Batting: RHB Salvador Salas
|
0-0: Swinging Strike 0-1: Foul Ball, location: 2F 0-2: Foul Ball, location: 2F 0-2: Ball 1-2: Strikes out swinging
|
Top of the 9th over - 0 run(s), 1 hit(s), 0 error(s), 1 left on base; Vista 11 - St. Louis 1 |
BOTTOM OF THE 9TH |
St. Louis Browns batting - Pitching for Vista Panthers : LHP Thomas Heath
|
Now at C: Greg Schultz
|
|
Batting: RHB António Venecia
|
0-0: Called Strike 0-1: Fly out, F8 (Flyball, 8LD)
|
Batting: LHB Stan Hickman
|
0-0: Ball 1-0: Foul Ball, location: 2F 1-1: Foul Ball, location: 2F 1-2: Foul Ball, location: 2F 1-2: Foul Ball, location: 2F 1-2: SINGLE (Line Drive, 6D)
|
Batting: LHB Robin Hill
|
0-0: Ball 1-0: Fly out, F7 (Flyball, 7LMF)
|
Batting: RHB Adrian Prouse
|
0-0: Called Strike 0-1: Ball 1-1: Ball 2-1: Fly out, F8 (Flyball, 8RM)
|
Bottom of the 9th over - 0 run(s), 1 hit(s), 0 error(s), 1 left on base; Vista 11 - St. Louis 1 |
|